 Dungeon Crawl Stone Soup version 0.23.0 (webtiles) character file.

Game seed: 10331593666778197864

1054 LeeMoriya the Covered (level 8, -11/70 HPs)
             Began as a Minotaur Berserker on Feb 9, 2019.
             Was a Priest of Trog.
             Mangled by an orc warrior
             ... wielding a +4 scimitar of flaming
              (22 damage)
             ... on level 6 of the Dungeon.
             The game lasted 00:34:52 (5268 turns).

LeeMoriya the Covered (Minotaur Berserker)          Turns: 5268, Time: 00:34:53

Health: -11/70     AC: 12    Str: 24    XL:     8   Next: 5%
Magic:  7/7        EV:  9    Int:  4    God:    Trog [***...]
Gold:   205        SH:  0    Dex: 10    Spells: 7/7 levels left

rFire    . . .     SeeInvis .   x - +1 war axe
rCold    . . .     Gourm    .   (no shield)
rNeg     . . .     Faith    .   s - +0 chain mail
rPois    .         Spirit   .   (helmet restricted)
rElec    .         Reflect  .   (no cloak)
rCorr    .         Harm     .   j - +0 pair of gloves
MR       .....                  i - +0 pair of boots
Stlth    ..........             n - amulet of the acrobat
HPRegen  0.21/turn              (no ring)
MPRegen  0.10/turn              (no ring)

@: no status effects
A: retaliatory headbutt, horns 2
a: Berserk, Trog's Hand, Renounce Religion


You were on level 6 of the Dungeon.
You worshipped Trog.
Trog was most pleased with you.
You were not hungry.

You visited 2 branches of the dungeon, and saw 7 of its levels.

You collected 272 gold pieces.
You spent 67 gold pieces at shops.

Inventory:

Hand Weapons
 m - a +0 flail
 o - a +0 hand axe
 p - a +2 vampiric short sword
 x - a +1 war axe (weapon)
Armour
 b - a +0 animal skin
 i - a +0 pair of boots (worn)
 j - a +0 pair of gloves (worn)
 k - a +1 robe of positive energy
 l - a +0 helmet
 s - a +0 chain mail (worn)
Jewellery
 n - an amulet of the acrobat (around neck)
 A - an uncursed amulet of magic regeneration
Wands
 a - a wand of flame (2)
 v - a wand of clouds (6)
 w - a wand of iceblast (13)
Scrolls
 d - 3 scrolls of remove curse
 f - 2 scrolls of enchant armour {unknown}
 h - 5 scrolls of teleportation
 u - a scroll of noise
 y - a scroll of immolation
 z - a scroll of fear
Potions
 e - 2 potions of invisibility
 g - 3 potions of curing
 q - 2 potions of flight
 t - a potion of degeneration
Miscellaneous
 r - a crystal ball of energy
Comestibles
 c - 8 rations


   Skills:
 + Level 5.9 Fighting
 + Level 5.0(6.2) Axes
 + Level 5.6(6.5) Maces & Flails
 + Level 6.5 Armour
 + Level 3.6 Dodging
 + Level 1.7 Stealth
 + Level 0.7 Evocations


You had 7 spell levels left.
You didn't know any spells.
Your spell library was empty.

Dungeon Overview and Level Annotations

Branches:
Dungeon (6/15)             Temple (1/1) D:4

Altars:
Ashenzari
Cheibriados
Elyvilon
Fedhas
Gozag
Kikubaaqudgha
Nemelex Xobeh
Okawaru
Qazlal
Ru
Sif Muna
Trog
Uskayaw
Vehumet
Wu Jian
Xom
Yredelemnul
Zin
The Shining One

Shops:
D:5 [


Innate Abilities, Weirdness & Mutations

You reflexively headbutt those who attack you in melee.
You have a pair of horns on your head.


Message History

The orc warrior hits you with a +4 scimitar of flaming!
* * * LOW HITPOINT WARNING * * *
The orc warrior burns you.
* * * LOW HITPOINT WARNING * * *
The hound bites you.
* * * LOW HITPOINT WARNING * * *
You feel better. The hound bites you but does no damage.
The orc warrior hits you but does no damage.
You feel better. The hound bites you but does no damage.
The orc warrior hits you with a +4 scimitar of flaming!
* * * LOW HITPOINT WARNING * * *
The orc warrior burns you.
* * * LOW HITPOINT WARNING * * *
The hound closely misses you.
You hit the hound. You headbutt the hound.
You kill the hound!
Trog accepts your kill.
You slash the orc warrior!
The orc warrior hits you with a +4 scimitar of flaming!!
You die...

########
#......#
#..†...#
#.@†...#
#.[o...#
#......#
#......#
.........
##.........
........!.
...##.....


You could see an orc warrior.

Vanquished Creatures
  Grinder (D:4)
  An ice beast (D:5)
  4 ogres
  A scorpion (D:6)
  3 hounds
  3 worker ants
  A killer bee zombie (D:5)
  9 adders
  3 oozes
  2 worms
  2 dart slugs
  3 leopard geckos
  7 orcs
  3 giant cockroaches
  10 hobgoblins
  4 jackals (D:1)
  A quokka (D:3)
  4 bats
  4 frilled lizards
  12 goblins
  7 kobolds
  A leopard gecko zombie (D:4)
  A quokka skeleton (D:4)
  8 rats
  3 plants (D:5)
98 creatures vanquished.

Notes
Turn   | Place    | Note
-------+----------+-------------------------------------------
     0 | D:1      | LeeMoriya the Minotaur Berserker began the quest for the
                  | Orb.
     0 | D:1      | Reached XP level 1. HP: 19/19 MP: 0/0
   518 | D:1      | Reached XP level 2. HP: 25/27 MP: 1/1
   846 | D:1      | Reached XP level 3. HP: 33/33 MP: 2/2
   850 | D:1      | Reached ** piety under Trog
  1126 | D:2      | Reached XP level 4. HP: 38/41 MP: 3/3
  1370 | D:3      | Reached skill level 3 in Armour
  1386 | D:3      | Reached skill level 1 in Axes
  1442 | D:3      | Reached skill level 5 in Fighting
  1456 | D:3      | Found a stormy altar of Qazlal.
  1696 | D:3      | Reached XP level 5. HP: 48/48 MP: 4/4
  1814 | D:3      | Reached *** piety under Trog
  2435 | D:4      | Noticed Grinder
  2454 | D:4      | Paralysed by Grinder for 7 turns
  2723 | D:4      | Reached skill level 5 in Maces & Flails
  2821 | D:4      | Found a stormy altar of Qazlal.
  2843 | D:4      | Noticed an ogre
  2854 | D:4      | Killed an ogre
  2854 | D:4      | Reached skill level 4 in Armour
  2854 | D:4      | Reached skill level 1 in Stealth
  2854 | D:4      | Reached XP level 6. HP: 29/56 MP: 5/5
  2858 | D:4      | Found a staircase to the Ecumenical Temple.
  3010 | Temple   | Entered the Ecumenical Temple
  3248 | D:4      | Paralysed by Grinder for 3 turns
  3565 | D:4      | Killed Grinder
  3565 | D:4      | Reached skill level 5 in Armour
  3565 | D:4      | Reached XP level 7. HP: 31/61 MP: 6/6
  4129 | D:5      | Entered Level 5 of the Dungeon
  4129 | D:5      | Found Femecau's Armour Emporium.
  4159 | D:5      | Bought a +0 pair of gloves for 67 gold pieces
  4755 | D:5      | Found an opulent altar of Gozag.
  4760 | D:5      | Found a bloodstained altar of Trog.
  4762 | D:5      | Found a sacrificial altar of Ru.
  4855 | D:5      | Reached skill level 6 in Armour
  5007 | D:5      | Found a shattered altar of Ashenzari.
  5265 | D:6      | Reached skill level 5 in Axes
  5265 | D:6      | Reached XP level 8. HP: 28/70 MP: 7/7
  5268 | D:6      | Mangled by an orc warrior

Skill      XL: |  1  2  3  4  5  6  7 |
---------------+----------------------+-----
Maces & Flails | 4 5 |  5.6
Fighting       | 4 5 |  5.9
Armour         | 3 4 5 6 |  6.5
Axes           | 1 2 4 5 |  5.0
Dodging        | 3 |  3.6
Stealth        | 1 |  1.7
Evocations     | |  0.7

Action                   |  1- 3 |  4- 6 |  7- 9 || total
-------------------------+-------+-------+-------++-------
Melee: Mace              |    55 |       |       ||    55
       Headbutt          |    10 |    21 |    25 ||    56
       Hand axe          |     1 |    61 |       ||    62
       Flail             |       |    21 |       ||    21
       War axe           |       |    23 |    65 ||    88
Evoke: Wand              |       |     3 |     2 ||     5
  Use: Scroll            |     1 |    12 |     4 ||    17
       Potion            |       |     4 |     2 ||     6
  Eat: Ration            |       |     2 |     2 ||     4
       Chunk             |       |     1 |       ||     1
Armor: Animal skin       |     9 |       |       ||     9
       Robe              |     2 |       |       ||     2
       Scale mail        |     6 |    19 |       ||    25
       Chain mail        |       |    14 |    12 ||    26
Dodge: Dodged            |    42 |    55 |    14 ||   111
